 Dungeon Crawl Stone Soup version 0.31-a0-204-g7da18cac08 (webtiles) character file.

Game seed: 9078435645418620810

27 qw the Shooter (level 2, 0/16 HPs)
             Began as a Deep Elf Hunter on June 27, 2023.
             Slain by an adder (2 damage)
             ... on level 2 of the Dungeon.
             The game lasted 00:00:13 (822 turns).

qw the Shooter (Deep Elf Hunter)                     Turns: 822, Time: 00:00:14

Health: 0/16       AC:  5    Str:  8    XL:     2   Next: 93%
Magic:  4/4        EV: 12    Int: 13    God:
Gold:   112        SH:  0    Dex: 18    Spells: 1/1 levels left

rFire   . . .        Y - +0 shortbow
rCold   . . .        (shield currently unavailable)
rNeg    . . .        c - +0 leather armour
rPois   .            (no helmet)
rElec   .            (no cloak)
rCorr   .            d - +1 pair of gloves
SInv    .            (no boots)
Will    .....        (no amulet)
Stlth   ++           (no ring)
HPRegen 0.22/turn    (no ring)
MPRegen 0.09/turn

%: no passive effects
@: no status effects
A: no striking features
a: no special abilities


You were on level 2 of the Dungeon.
You visited 1 branch of the dungeon, and saw 2 of its levels.

You collected 112 gold pieces.


   Skills:
 - Level 1.5 Fighting
 + Level 6.6 Ranged Weapons
 - Level 2.4 Dodging
 - Level 1.2 Stealth


You had one spell level left.
You didn't know any spells.
Your spell library was empty.

Inventory:

Hand Weapons
 Y - a +0 shortbow (weapon)
Armour
 b - a +0 ring mail
 c - a +0 leather armour (worn)
 d - a +1 pair of gloves (worn)
Potions
 a - a potion of brilliance {unknown}

Dungeon Overview and Level Annotations

Branches:
Dungeon (2/15)

Altars:

Annotations:
D:2 Robin


Message History

The adder is heavily wounded.
You feel sick. The adder bites you. The adder bites you but does no damage.
The adder completely misses you.
You shoot an arrow. The arrow barely misses the adder.
The arrow hits the hobgoblin.
The hobgoblin is almost dead.
You feel sick. The adder barely misses you. x3
You shoot an arrow. The arrow hits the adder!
You kill the adder!
You feel sick. The adder bites you but does no damage.
A goblin comes into view. It is wielding a +0 club.
The adder closely misses you.
You shoot an arrow. The arrow closely misses the adder.
The goblin shouts!
You feel sick.
You hear a shout!
The adder closely misses you. The frilled lizard barely misses you.
Robin laughs in a distinctly smug fashion.
A hobgoblin comes into view.
A goblin comes into view. It is wielding a +0 dagger.
You shoot an arrow. The arrow hits the adder.
The adder is lightly wounded.
You feel sick.
You are no longer poisoned.
The adder barely misses you.
The frilled lizard bites you but does no damage.
The adder bites you but does no damage.
A giant cockroach comes into view.
You shoot an arrow. The arrow hits the adder.
The adder is lightly wounded.
The frilled lizard misses you.
A goblin comes into view. It is wielding a +0 club.
The adder bites you but does no damage.
The giant cockroach waves its antennae.
You shoot an arrow. The arrow hits the adder.
The adder is heavily wounded.
The adder bites you but does no damage. The frilled lizard bites you.
A hobgoblin comes into view.
The adder bites you.
You die...

####..........
###.............
#...######......
########.###
#.>....
#........#
######.
#..####### .
##...# ###.###
#..@# ###Sllg.#
###w.....


gg.... B.g.. #.#.. gg . #. You could see a worm, Robin, an adder, a giant
cockroach, 3 hobgoblins, 2 goblins and 2 frilled lizards.

Vanquished Creatures
  An adder (D:2)
  A ball python (D:2)
  2 endoplasms
  A giant cockroach (D:1)
  5 goblins (D:1)
  A hobgoblin (D:2)
  A bat (D:2)
  A frilled lizard (D:1)
  3 rats (D:1)
  A spectral goblin (D:1)
17 creatures vanquished.

Notes
Turn   | Place    | Note
-------+----------+-------------------------------------------
     0 | D:1      | qw the Deep Elf Hunter began the quest for the Orb.
     0 | D:1      | Reached XP level 1. HP: 12/12 MP: 3/3
     0 | D:1      | 0 ||| qw: Version: 0.3-a-22-g0ed2b0b
     0 | D:1      | 0 ||| qw: Game counter: 6468
     0 | D:1      | 0 ||| qw: Melee chars always use a shield: true
     0 | D:1      | 0 ||| qw: God list: Okawaru
     0 | D:1      | 0 ||| qw: Allow faded altars: false
     0 | D:1      | 0 ||| qw: Do Orc after clearing Dungeon:15 true
     0 | D:1      | 0 ||| qw: Do second Lair branch before Depths: true
     0 | D:1      | 0 ||| qw: Lair rune preference: random
     0 | D:1      | 0 ||| qw: Goals: Normal
     0 | D:1      | 0 ||| PLANNING D:1-11
   191 | D:1      | Reached skill level 6 in Ranged Weapons
   191 | D:1      | Reached XP level 2. HP: 16/16 MP: 4/4
   249 | D:1      | Found a faded altar of an unknown god.
   668 | D:1      | 668 ||| UPGRADING to +1 pair of gloves.
   673 | D:1      | 673 ||| DROPPING ring of flight.
   674 | D:1      | 674 ||| READING scroll labelled CEGIER YLOMPOO.
   675 | D:1      | 675 ||| READING scroll labelled XOMAEF ECKOWE.
   676 | D:1      | 676 ||| READING scroll labelled TAXTIBL ZUKK.
   677 | D:1      | 677 ||| READING scroll labelled ITHUHE JUTOFE.
   707 | D:1      | 707 ||| READING scroll labelled HASKOX HUL KEI.
   708 | D:1      | 708 ||| DROPPING scroll of butterflies.
   814 | D:2      | Noticed Robin
   819 | D:2      | HP: 4/16 [poisoned by an adder]
   822 | D:2      | Slain by an adder

Levels and vault maps discovered:
D:1:      ncdulo_watergridlock, layout_loops_ring,
          dreamdust_ecumenical_altar_drowned_temple
D:2:      layout_rooms, basic_altar, uniq_robin

Skill      XL: |  1 |
---------------+----+-----
Ranged Weapons | 6 |  6.6
Fighting       | |  1.5
Dodging        | |  2.4
Stealth        | |  1.2

Action                     || total
---------------------------++-------
   Fire: Shortbow          ||    44
    Use: Scroll            ||     5
 Armour: Leather armour    ||     7
  Dodge: Dodged            ||    14

Table legend:
 A = Non-vault XP
 B = Vault XP
 C = Vault XP percentage of total XP
 D = Non-vault monster count
 E = Vault monster count
 F = Vault count percentage of total count
                 A         B        C        D         E       F
            +---------+---------+-------+---------+---------+-------
      Total |      38 |       1 |   2.6 |      16 |       1 |   5.9
            +---------+---------+-------+---------+---------+-------
        D:1 |      18 |       1 |   5.3 |      11 |       1 |   8.3
        D:2 |      20 |       0 |   0.0 |       5 |       0 |   0.0
            +---------+---------+-------+---------+---------+-------
